Unix NetHack Version 5.0.0-0 post-release - last build Jun 10 2026 00:39:30 (3ee93aec679c4c4259841fe613dc97188e26a321,branch:main).

Game began 2026-06-12 17:32:54, ended 2026-06-12 17:45:37.

CyberFan, chaotic male human Rogue

                  --
            ------..|
          ---.--....|
          |........--
          |.......--       ....
          --......|----   ......
           |......--.|.. -.......
           |.^..........--..)....
           --.......)/..G..)....-
            --..|.../...........|
             ------/.%f..)......|
                  --<...).......-
                   --...........
                   ...!........
                   ---.....
                     .....
                     ....

CyberFan the Cutpurse   St:13 Dx:17 Co:11 In:13 Wi:12 Ch:9  Chaotic
Dlvl:4  $:177 HP:0(27) Pw:14(14) AC:3  Xp:4/148 T:2008 

Latest messages:
 g - an uncursed +0 dagger named ammo (at the ready) (12 in total).
 The hobbit throws a dagger!
 A dagger misses you.
 In what direction?
 The dagger named ammo hits the hobbit.
 In what direction?
 The dagger named ammo hits the hobbit.
 The hobbit hits!
 In what direction?
 You kill the hobbit!
 g - 2 uncursed +0 daggers named ammo (at the ready) (11 in total).
 g - an uncursed +0 dagger named ammo (at the ready) (12 in total).
 You see here a dart.
 The gnome throws a dart!
 A dart misses you.
 In what direction?
 You kill the gnome!
 The gnome wields a dagger!
 The dagger welds itself to the gnome's hand!
 In what direction?
 You throw 2 daggers named ammo.
 The 1st dagger named ammo hits the gnome.
 You kill the gnome!
 g - an uncursed +0 dagger named ammo (at the ready) (10 in total).
 L - a scroll labeled READ ME.
 g - an uncursed +0 dagger named ammo (at the ready) (11 in total).
 You see here 2 darts.
 You see here a dwarf corpse.
 g - an uncursed +0 dagger named ammo (at the ready) (12 in total).
 You hear some noises in the distance.
 You hear crashing rock.
 A gush of water hits your left arm!
 You hear some noises in the distance.
 A dagger misses you.
 The rothe just misses!
 The rothe bites!
 The rothe bites again!
 In what direction?
 The dagger named ammo hits the rothe.
 The rothe hits!
 The rothe bites!
 The rothe bites again!
 The gnome throws a dagger!
 You are hit by a dagger.
 What do you want to zap? [o or ?*]
 In what direction?
 You kill the rothe!
 The bolt of cold bounces!
 The bolt of cold hits you!
 You die...

Inventory:
 Coins    ('$')
  $ - 177 gold pieces
 Amulets  ('"')
  q - an uncursed amulet of ESP
  r - an uncursed amulet of flying
 Weapons  (')')
  b - an uncursed +0 dagger (weapon in right hand)
  g - 11 uncursed +0 daggers named ammo (at the ready)
 Armor    ('[')
  K - an uncursed +0 pair of iron shoes (being worn)
  B - an uncursed +0 robe (being worn)
  c - an uncursed +1 leather armor (being worn)
 Comestibles  ('%')
  k - an uncursed food ration
  E - an uncursed lembas wafer
  j - an uncursed melon
  F - a blessed tin of dried acid blob
 Scrolls  ('?')
  A - an uncursed scroll of confuse monster
  v - an uncursed scroll of gold detection
  u - a blessed scroll of light
  L - a blessed scroll of teleportation
  J - a cursed scroll of teleportation
 Potions  ('!')
  i - 2 uncursed potions of healing
  z - a blessed potion of monster detection
  l - an uncursed potion of see invisible
  d - an uncursed potion of sickness
  m - an uncursed potion of sleeping
  x - an uncursed potion of water
 Rings    ('=')
  n - an uncursed +1 ring of increase damage
  t - an uncursed ring of searching
 Wands    ('/')
  o - an uncursed wand of cold (0:2)
 Tools    ('(')
  f - an empty uncursed sack
  e - an uncursed lock pick
  C - an uncursed oil lamp (lit)
  s - an uncursed towel
 Gems/Stones  ('*')
  H - an uncursed worthless piece of red glass

CyberFan the Rogue's attributes:

Background:
 You were a Cutpurse, a level 4 male human Rogue.
 You were chaotic, on a mission for Kos
 who was opposed by Issek (lawful) and Mog (neutral).
 You were right-handed.
 You were in the Gnomish Mines, on level 4.
 You entered the dungeon 2008 turns ago.
 You had 148 experience points, 12 more were needed to attain level 5.

Basics:
 You had 0 out of 27 hit points.
 You had all 14 energy points (spell power).
 Your armor class was 3.
 Your wallet contained 177 zorkmids.
 Autopickup was on for '$%?!"=/*' plus thrown, with exceptions.

Final Characteristics:
 Your strength was 13 (limit:18/100).
 Your dexterity was 17 (peak:18, limit:18).
 Your constitution was 11 (limit:18).
 Your intelligence was 13 (limit:18).
 Your wisdom was 12 (limit:18).
 Your charisma was 9 (limit:18).

Final Status:
 You weren't hungry.
 You were unencumbered.
 You were wielding a dagger.
 You had basic skill with dagger.

Final Attributes:
 You were piously aligned.
 You were stealthy.
 You were guarded.
 You are dead.

Miscellaneous:
 You disabled loading and storing of bones levels.
 Total elapsed playing time was 12 minutes and 43 seconds.

Major events:
 Turn
    1: CyberFan the chaotic male human Rogue entered the dungeon
 1142: entered the Gnomish Mines
 1180: attained the rank of Cutpurse (level 3)
 2008: killed by a bolt of cold zapped by himself

You didn't know any spells.

Skills:
 Fighting Skills
   bare handed combat [Unskilled]
   two weapon combat  [Unskilled]
   riding             [Unskilled]
 Weapon Skills
   dagger             [Basic]
   knife              [Unskilled]
   short sword        [Basic]
   broadsword         [Unskilled]
   long sword         [Unskilled]
   two-handed sword   [Unskilled]
   saber              [Unskilled]
   club               [Unskilled]
   mace               [Unskilled]
   morning star       [Unskilled]
   flail              [Unskilled]
   hammer             [Unskilled]
   polearms           [Unskilled]
   spear              [Unskilled]
   crossbow           [Unskilled]
   dart               [Unskilled]
   shuriken           [Unskilled]
 Spellcasting Skills
   divination spells  [Unskilled]
   escape spells      [Unskilled]
   matter spells      [Unskilled]

Voluntary challenges:
 Character rerolling was not enabled.
 You never genocided any monsters.
 You never polymorphed an object.
 You never changed form.
 You used no wishes.
Achievements:
 You entered a shop.
 You entered the Gnomish Mines.
 You attained the rank of Cutpurse.

 The Dungeons of Doom: levels 1 to 4
    Level 1:
       A fountain, a grave.
    Level 2:
    Level 3:
       A general store, a fountain.
       Stairs down to The Gnomish Mines.
    Level 4:
 The Gnomish Mines:
    Level 4: <- You were here.
       Final resting place for
          you, killed by a bolt of cold zapped by yourself.


Vanquished creatures:
  2 gnome leaders
  a dwarf
  2 rothes
 an orc zombie
 an iguana
  2 acid blobs
  2 coyotes
  3 hobbits
  a brown mold
  7 gnomes
  a gnome zombie
  2 jackals
  3 foxes
  a kobold
  4 goblins
  a sewer rat
  4 grid bugs
  a bat
  4 lichens
  2 kobold zombies
  9 newts
54 creatures vanquished.

No species were genocided or became extinct.

Game over:
                       ----------
                      /          \
                     /    REST    \
                    /      IN      \
                   /     PEACE      \
                  /                  \
                  |     CyberFan     |
                  |      177 Au      |
                  | killed by a bolt |
                  |  of cold zapped  |
                  |    by himself    |
                  |                  |
                  |       2026       |
                 *|     *  *  *      | *
        _________)/\\_//(\/(/\)/\//\/|_)_______

Goodbye CyberFan the Rogue...

You died in The Gnomish Mines on dungeon level 4 with 912 points,
and 177 pieces of gold, after 2008 moves.
You were level 4 with a maximum of 27 hit points when you died.

